3A
BELLEVILLE BULLS @ HOGSMEADE CAULDRONS
08/05/2021
 
TOP OF THE 1ST
Belleville Bulls batting - Pitching for Hogsmeade Cauldrons : LHP Octávio Ríos
Pitching: LHP Octávio Ríos
Batting: RHB Gabriel López 0-0: Swinging Strike
0-1: Called Strike
0-2: Ball
1-2: Fly out, F7 (Flyball, 78M)
Batting: RHB Paddy Hodnett 0-0: Ball
1-0: Fly out, F9 (Flyball, 9M)
Batting: RHB Noel Wells 0-0: Swinging Strike
0-1: Foul Ball, location: 2F
0-2: Ball
1-2: Ball
2-2: Foul Ball, location: 2F
2-2: Strikes out swinging
Top of the 1st over - 0 run(s), 0 hit(s), 0 error(s), 0 left on base; Belleville 0 - Hogsmeade 0
BOTTOM OF THE 1ST
Hogsmeade Cauldrons batting - Pitching for Belleville Bulls : LHP Zach Williams Jr.
Pitching: LHP Zach Williams Jr.
Batting: SHB Emílio Gonzáles 0-0: Foul Ball, location: 2F
0-1: Fly out, F7 (Line Drive, 7S)
Batting: RHB Héctor Cantú 0-0: Called Strike
0-1: Foul Ball, location: 2F
0-2: Ball
1-2: Strikes out looking
Batting: SHB Fernando Sánchez 0-0: Ball
1-0: Ball
2-0: Foul Ball, location: 2F
2-1: Ground out 5-3 (Groundball, 56)
Bottom of the 1st over - 0 run(s), 0 hit(s), 0 error(s), 0 left on base; Belleville 0 - Hogsmeade 0
TOP OF THE 2ND
Belleville Bulls batting - Pitching for Hogsmeade Cauldrons : LHP Octávio Ríos
Batting: RHB José Icaza 0-0: Called Strike
0-1: Foul Ball, location: 2F
0-2: Ground out 6-3 (Groundball, 6)
Batting: RHB Felipe Gonzáles 0-0: Swinging Strike
0-1: Swinging Strike
0-2: Ball
1-2: SINGLE (Flyball, 7LS)
Batting: RHB Jaime Ramírez 0-0: Called Strike
0-1: Foul Ball, location: 2F
0-2: Fielders Choice at 2nd, 1-6 (Groundball, 15)
Batting: RHB Henry Mann 0-0: Called Strike
0-1: Ball
1-1: Called Strike
1-2: Ground out 6-3 (Groundball, 6)
Top of the 2nd over - 0 run(s), 1 hit(s), 0 error(s), 1 left on base; Belleville 0 - Hogsmeade 0
BOTTOM OF THE 2ND
Hogsmeade Cauldrons batting - Pitching for Belleville Bulls : LHP Zach Williams Jr.
Batting: RHB Raúl Reyna 0-0: Ball
1-0: Ground out 2-3 (Groundball, 25)
Batting: RHB Ernesto Souza 0-0: Ball
1-0: Called Strike
1-1: Ball
2-1: Called Strike
2-2: Strikes out swinging
Batting: RHB Reynaldo Pérez 0-0: Swinging Strike
0-1: Foul Ball, location: 2F
0-2: Strikes out looking
Bottom of the 2nd over - 0 run(s), 0 hit(s), 0 error(s), 0 left on base; Belleville 0 - Hogsmeade 0
TOP OF THE 3RD
Belleville Bulls batting - Pitching for Hogsmeade Cauldrons : LHP Octávio Ríos
Batting: RHB Ángel Rosa 0-0: Called Strike
0-1: Ground out 4-3 (Groundball, 4)
Batting: LHB Manuel Sánchez 0-0: Called Strike
0-1: SINGLE (Groundball, 23) (infield hit)
Batting: RHB Gabriel López 0-0: Called Strike
0-1: Called Strike
0-2: Ball
1-2: Foul Ball, location: 2F
1-2: Ball
2-2: Ball
3-2: Foul Ball, location: 2F
3-2: Strikes out swinging
Batting: RHB Paddy Hodnett 0-0: Ground out 5-3 (Groundball, 56)
Top of the 3rd over - 0 run(s), 1 hit(s), 0 error(s), 1 left on base; Belleville 0 - Hogsmeade 0
BOTTOM OF THE 3RD
Hogsmeade Cauldrons batting - Pitching for Belleville Bulls : LHP Zach Williams Jr.
Batting: RHB Miguel Torres 0-0: Ball
1-0: Called Strike
1-1: Swinging Strike
1-2: Strikes out swinging
Batting: RHB Jim Unknown 0-0: Foul Ball, location: 2F
0-1: Ball
1-1: Swinging Strike
1-2: Foul Ball, location: 2F
1-2: Ball
2-2: Strikes out swinging
Batting: RHB Jim Unknown 0-0: Ball
1-0: Called Strike
1-1: Foul Ball, location: 2F
1-2: Fly out, F8 (Flyball, 8LM)
Bottom of the 3rd over - 0 run(s), 0 hit(s), 0 error(s), 0 left on base; Belleville 0 - Hogsmeade 0
TOP OF THE 4TH
Belleville Bulls batting - Pitching for Hogsmeade Cauldrons : LHP Octávio Ríos
Batting: RHB Noel Wells 0-0: Foul Ball, location: 2F
0-1: Ball
1-1: SINGLE (Line Drive, 89S)
Batting: RHB José Icaza 0-0: Foul Ball, location: 2F
0-1: Ball
1-1: Ball
2-1: Fly out, F3 (Popup, 3DF)
Batting: RHB Felipe Gonzáles 0-0: Ball
1-0: Ball
2-0: Ball
3-0: Base on Balls
Noel Wells to second
Batting: RHB Jaime Ramírez 0-0: Foul Ball, location: 2F
0-1: Called Strike
0-2: SINGLE (Line Drive, 4D)
Noel Wells to third
Felipe Gonzáles to second
Batting: RHB Henry Mann 0-0: Called Strike
0-1: Called Strike
0-2: Strikes out swinging
Batting: RHB Ángel Rosa 0-0: Fly out, F9 (Flyball, 9LM)
Top of the 4th over - 0 run(s), 2 hit(s), 0 error(s), 3 left on base; Belleville 0 - Hogsmeade 0
BOTTOM OF THE 4TH
Hogsmeade Cauldrons batting - Pitching for Belleville Bulls : LHP Zach Williams Jr.
Batting: SHB Emílio Gonzáles 0-0: Called Strike
0-1: Ball
1-1: SINGLE (Groundball, 4MD)
Batting: RHB Héctor Cantú 0-0: Ball
1-0: Called Strike
1-1: Ball
2-1: Called Strike
2-2: Strikes out swinging
Batting: SHB Fernando Sánchez 0-0: Ball
1-0: Ball
2-0: Ball
3-0: Base on Balls
Emílio Gonzáles to second
Batting: RHB Raúl Reyna 0-0: Grounds into double play, 6-4-3 (Groundball, 6)
Bottom of the 4th over - 0 run(s), 1 hit(s), 0 error(s), 1 left on base; Belleville 0 - Hogsmeade 0
TOP OF THE 5TH
Belleville Bulls batting - Pitching for Hogsmeade Cauldrons : LHP Octávio Ríos
Batting: LHB Manuel Sánchez 0-0: Ball
1-0: Foul Ball, location: 2F
1-1: Foul Ball, location: 2F
1-2: Ball
2-2: Foul Ball, location: 2F
2-2: Ground out 1-3 (Groundball, 13)
Batting: RHB Gabriel López 0-0: Foul Ball, location: 2F
0-1: Ball
1-1: Foul Ball, location: 2F
1-2: Strikes out swinging
Batting: RHB Paddy Hodnett 0-0: Ball
1-0: Foul Ball, location: 2F
1-1: Foul Ball, location: 2F
1-2: Strikes out swinging
Top of the 5th over - 0 run(s), 0 hit(s), 0 error(s), 0 left on base; Belleville 0 - Hogsmeade 0
BOTTOM OF THE 5TH
Hogsmeade Cauldrons batting - Pitching for Belleville Bulls : LHP Zach Williams Jr.
Batting: RHB Ernesto Souza 0-0: Ball
1-0: Ball
2-0: Fly out, F8 (Flyball, 8RM)
Batting: RHB Reynaldo Pérez 0-0: Called Strike
0-1: Called Strike
0-2: Ball
1-2: Strikes out swinging
Batting: RHB Miguel Torres 0-0: Swinging Strike
0-1: Ball
1-1: Swinging Strike
1-2: Ball
2-2: Ball
3-2: Base on Balls
Batting: RHB Jim Unknown 0-0: Called Strike
0-1: Foul Ball, location: 2F
0-2: DOUBLE (Line Drive, 7LS)
Miguel Torres to third
Runner from 3rd tries for Home, SAFE, no throw or cutoff
Batting: RHB Jim Unknown 0-0: Ball
1-0: Foul Ball, location: 2F
1-1: Ground out 6-3 (Groundball, 6)
Bottom of the 5th over - 1 run(s), 1 hit(s), 0 error(s), 1 left on base; Belleville 0 - Hogsmeade 1
TOP OF THE 6TH
Belleville Bulls batting - Pitching for Hogsmeade Cauldrons : LHP Octávio Ríos
Batting: RHB Noel Wells 0-0: Called Strike
0-1: Swinging Strike
0-2: Strikes out looking
Batting: RHB José Icaza 0-0: Ball
1-0: Ball
2-0: Swinging Strike
2-1: Ball
3-1: Foul Ball, location: 2F
3-2: SINGLE (Flyball, 8RS)
Batting: RHB Felipe Gonzáles 0-0: Ball
1-0: Foul Ball, location: 2F
1-1: Grounds into double play, 6-4-3 (Groundball, 56)
Top of the 6th over - 0 run(s), 1 hit(s), 0 error(s), 0 left on base; Belleville 0 - Hogsmeade 1
BOTTOM OF THE 6TH
Hogsmeade Cauldrons batting - Pitching for Belleville Bulls : LHP Zach Williams Jr.
Batting: SHB Emílio Gonzáles 0-0: Ball
1-0: Ball
2-0: Fly out, F6 (Popup, 56D)
Batting: RHB Héctor Cantú 0-0: Called Strike
0-1: Ball
1-1: Ground out 4-3 (Groundball, 13)
Batting: SHB Fernando Sánchez 0-0: Fly out, F5 (Popup, 5L)
Bottom of the 6th over - 0 run(s), 0 hit(s), 0 error(s), 0 left on base; Belleville 0 - Hogsmeade 1
TOP OF THE 7TH
Belleville Bulls batting - Pitching for Hogsmeade Cauldrons : LHP Octávio Ríos
Batting: RHB Jaime Ramírez 0-0: Ball
1-0: Swinging Strike
1-1: Ball
2-1: Foul Ball, location: 2F
2-2: Strikes out swinging
Batting: RHB Henry Mann 0-0: Called Strike
0-1: Ground out 6-3 (Groundball, 6)
Batting: RHB Ángel Rosa 0-0: Ground out 6-3 (Groundball, 6M)
Top of the 7th over - 0 run(s), 0 hit(s), 0 error(s), 0 left on base; Belleville 0 - Hogsmeade 1
BOTTOM OF THE 7TH
Hogsmeade Cauldrons batting - Pitching for Belleville Bulls : LHP Zach Williams Jr.
Batting: RHB Raúl Reyna 0-0: Ball
1-0: Ball
2-0: Foul Ball, location: 2F
2-1: Swinging Strike
2-2: Strikes out looking
Batting: RHB Ernesto Souza 0-0: Ball
1-0: Swinging Strike
1-1: Swinging Strike
1-2: Strikes out swinging
Batting: RHB Reynaldo Pérez 0-0: Called Strike
0-1: Foul Ball, location: 2F
0-2: Foul Ball, location: 2F
0-2: Ground out 4-3 (Groundball, 4)
Bottom of the 7th over - 0 run(s), 0 hit(s), 0 error(s), 0 left on base; Belleville 0 - Hogsmeade 1
TOP OF THE 8TH
Belleville Bulls batting - Pitching for Hogsmeade Cauldrons : LHP Octávio Ríos
Batting: LHB Manuel Sánchez 0-0: Swinging Strike
0-1: Ball
1-1: SINGLE (Line Drive, 34)
Batting: RHB Gabriel López 0-0: Ball
1-0: Ball
2-0: Bunted foul
2-1: Bunted foul
2-2: Foul Ball, location: 2F
2-2: Ball
3-2: DOUBLE (Flyball, 78M)
Manuel Sánchez to third
Runner from 3rd tries for Home, SAFE, no throw or cutoff
Pinch Hitting: RHB Alberto Blanco 0-0: Foul Ball, location: 2F
0-1: Ground out U3 (Groundball, 3)
Gabriel López to third
Batting: RHB Noel Wells 0-0: Called Strike
0-1: Foul Ball, location: 2F
0-2: Strikes out swinging
Batting: RHB José Icaza 0-0: Called Strike
0-1: Called Strike
0-2: Ball
1-2: Fly out, F8 (Flyball, 8LM)
Top of the 8th over - 1 run(s), 2 hit(s), 0 error(s), 1 left on base; Belleville 1 - Hogsmeade 1
BOTTOM OF THE 8TH
Hogsmeade Cauldrons batting - Pitching for Belleville Bulls : LHP Zach Williams Jr.
Now at 3B: Esteban De La Cruz
Batting: RHB Miguel Torres 0-0: Reached on error, E5 (Groundball, 5)
Batting: RHB Jim Unknown 0-0: Ball
1-0: Foul Ball, location: 2F
1-1: Ball
2-1: Ball
3-1: Base on Balls
Miguel Torres to second
Batting: RHB Jim Unknown 0-0: Swinging Strike
0-1: Sac Bunt - play at first, batter safe!
Miguel Torres to third
Jim Unknown to second
Batting: SHB Emílio Gonzáles 0-0: Ball
1-0: Ball
2-0: Ball
3-0: Base on Balls
Miguel Torres scores
Jim Unknown to third
Jim Unknown to second
Pitching: RHP Rubén Villarreal
Batting: RHB Héctor Cantú 0-0: Foul Ball, location: 2F
0-1: Grounds into fielders choice 3-2 (Groundball, 23)
Jim Unknown to third
Emílio Gonzáles to second
Batting: SHB Fernando Sánchez 0-0: Foul Ball, location: 2F
0-1: Fly out, F7 (Flyball, 7M)
Runner from 3rd tags up, SCORES, no throw
Batting: RHB Raúl Reyna 0-0: Foul Ball, location: 2F
0-1: Called Strike
0-2: Strikes out looking
Bottom of the 8th over - 2 run(s), 1 hit(s), 1 error(s), 2 left on base; Belleville 1 - Hogsmeade 3
TOP OF THE 9TH
Belleville Bulls batting - Pitching for Hogsmeade Cauldrons : LHP Octávio Ríos
Batting: RHB Felipe Gonzáles 0-0: Ball
1-0: Ball
2-0: Foul Ball, location: 2F
2-1: Ball
3-1: SINGLE (Groundball, 56D)
Pitching: RHP Jim Unknown
Pinch Hitting: RHB Jim Unknown 0-0: Fly out, F9 (Flyball, 9M)
Pinch Hitting: LHB Alfredo Farías 0-0: Ball
1-0: Foul Ball, location: 2F
1-1: Ball
2-1: Grounds into double play, 4-6-3 (Groundball, 34)
Top of the 9th over - 0 run(s), 1 hit(s), 0 error(s), 0 left on base; Belleville 1 - Hogsmeade 3
This league is powered by Out of the Park Baseball, the baseball management simulation game for PC, Mac and Linux
Friday, January 22nd, 2016 - OOTP Baseball 16.9 Build 39